 Dungeon Crawl Stone Soup version 0.30.1-11-g7821555f0a (webtiles) character file.

Game seed: 2948710144933783248

47 Ginsan the Cudgeller (level 4, -3/40 HPs)
             Began as a Meteoran Cinder Acolyte on Nov 25, 2023.
             Was a High Priest of Ignis.
             Slain by a kobold brigand
             ... wielding a +0 dagger
              (7 damage)
             ... on level 3 of the Dungeon on Nov 26, 2023.
             The game lasted 00:13:52 (1012 turns).

Ginsan the Cudgeller (Meteoran Cinder Acolyte)      Turns: 1012, Time: 00:13:53

Health: -3/40      AC:  3    Str: 18    XL:     4   Next: 17%
Magic:  4/8        EV: 11    Int: 15    God:    Ignis [*****.]
Gold:   28         SH:  0    Dex:  9    Spells: 5/7 levels left

rFire   + . .        a - -1 mace (flame)
rCold   . . .        (no shield)
rNeg    . . .        b - +0 robe
rPois   .            d - +0 helmet
rElec   .            (no cloak)
rCorr   .            (no gloves)
SInv    .            (no boots)
Will    .....        (no amulet)
Stlth   +            h - ring of flight
HPRegen 0.26/turn    (no ring)
MPRegen 0.11/turn

%: no passive effects
@: lethally poisoned (-3 -> -6), flying, glowing
A: sense surroundings 1, otherworldly, glowing, explore regen
a: Renounce Religion, Fiery Armour, Foxfire Swarm, Rising Flame


You were on level 3 of the Dungeon.
You worshipped Ignis.
Ignis was extremely pleased with you.
You visited 1 branch of the dungeon, and saw 3 of its levels.

You collected 28 gold pieces.

Inventory:

Hand Weapons
 a - a -1 mace of flaming (weapon)
Armour
 b - a +0 robe (worn)
 d - a +0 helmet (worn)
Jewellery
 h - a ring of flight (left hand)
Scrolls
 c - a scroll of teleportation {unknown}
 f - a scroll of identify {unknown}
 g - a scroll of brand weapon {unknown}
Potions
 e - a potion of heal wounds {unknown}


   Skills:
 + Level 3.8 Fighting
 + Level 4.5 Maces & Flails
 + Level 2.3 Spellcasting
 + Level 4.2 Fire Magic


You had 5 spell levels left.
You knew the following spells:

 Your Spells              Type           Power      Damage    Failure   Level
a - Scorch                Fire           28%        2d6       6%          2

Your spell library contained the following spells:

 Spells                   Type           Power      Damage    Failure   Level
 Kiss of Death            Conj/Necr      4%         2d5       22%         1
 Necrotise                Necr           4%         1d4       22%         1
 Inner Flame              Hex/Fire       8%         N/A       26%         3
 Confusing Touch          Hex            1%         N/A       54%         3
 Vampiric Draining        Necr           1%         2d6       54%         3
 Flame Wave               Conj/Fire      8%         2d5       65%         4
 Sticky Flame             Conj/Fire      8%         2d3       65%         4
 Dispel Undead            Necr           1%         3d6       91%         4
 Agony                    Necr           1%         N/A       99%         5


Dungeon Overview and Level Annotations

Branches:
Dungeon (3/15) Zot: 765

Altars:

Shops:
D:1 :   D:2 *


Innate Abilities, Weirdness & Mutations

You passively map a small area around you.
You are easily found by Zot.
You glow in the dark.
You regain HP and MP as you explore.


Message History

The poisoned dart hits you!
You are more poisoned.
A ball python comes into view.
You feel very sick.
You feel sick.
The kobold brigand throws a poisoned dart.
The poisoned dart hits you!
You are more poisoned.
You feel very sick.
You feel very sick.
The kobold brigand is no longer more vulnerable to fire.
You feel sick.
You feel sick.
You feel sick.
You feel sick.
You feel sick.
The kobold brigand throws a poisoned dart.
The poisoned dart hits you!
You are more poisoned.
You feel very sick.
You hit the kobold brigand but do no damage.
The kobold brigand is moderately wounded.
You feel sick.
The kobold brigand hits you with a +0 dagger.
* * * LOW HITPOINT WARNING * * *
The kobold brigand completely misses you.
You are too injured to fight recklessly!
You are too injured to fight recklessly!
You are too injured to fight recklessly!
You closely miss the kobold brigand.
The kobold brigand is lightly wounded.
You feel sick.
The kobold brigand hits you with a +0 dagger.
* * * LOW HITPOINT WARNING * * *
You hit the kobold brigand but do no damage.
The kobold brigand is lightly wounded.
* * * LOW HITPOINT WARNING * * *
You feel sick.
The kobold brigand hits you with a +0 dagger!
You die...

....g.....#
,
..........#
...S......#
,
..........#
,
.........g#
,
#########J#
, #S# * #K#
#@#
######.# ,
, #......#
* #..[...#
, #......#
#......## *
#.......# *
#.......#
,, ,
####....#


You could see a kobold brigand, an endoplasm, a goblin and a ball python.

Vanquished Creatures
  4 endoplasms
  4 goblins
  A hobgoblin (D:2)
  12 jackals
  2 kobolds (D:1)
  3 quokkas (D:1)
  2 ball pythons
  7 bats
  2 frilled lizards
  3 rats (D:1)
40 creatures vanquished.

Notes
Turn   | Place    | Note
-------+----------+-------------------------------------------
     0 | D:1      | Ginsan the Meteoran Cinder Acolyte began the quest for the
                  | Orb.
     0 | D:1      | Reached XP level 1. HP: 19/19 MP: 3/3
   131 | D:1      | Reached XP level 2. HP: 20/26 MP: 5/5
   133 | D:1      | Found Ciori's Book Boutique.
   339 | D:1      | Learned a level 2 spell: Scorch
   367 | D:1      | Reached XP level 3. HP: 30/31 MP: 3/7
   489 | D:1      | Glimpsed the power of Zot.
   537 | D:1      | Glimpsed the power of Zot.
   759 | D:2      | Found Keiweted's General Store.
   776 | D:2      | Reached XP level 4. HP: 38/40 MP: 4/8
   873 | D:2      | Noticed an ogre
   995 | D:3      | Noticed a kobold brigand
  1012 | D:3      | Slain by a kobold brigand

Illustrated notes

Levels and vault maps discovered:
D:1:      mrwooster_arrival_arrow, layout_rooms, serial_shops,
          nicolae_book_shop_shelving, minmay_misc_feat_diagonals,
          kennysheep_doodads
D:2:      layout_basic, serial_shops, shop_fountains
D:3:      layout_basic

Skill      XL: |  1  2  3 |
---------------+----------+-----
Spellcasting   | 2 |  2.3
Fire Magic     | 4 |  4.2
Fighting       | |  3.8
Maces & Flails | |  4.5

Action                     |  1- 3 |  4- 6 || total
---------------------------+-------+-------++-------
  Melee: Mace              |    89 |    26 ||   115
         Punch             |     1 |     1 ||     2
   Cast: Scorch            |    17 |     5 ||    22
 Armour: Robe              |    50 |     7 ||    57
  Dodge: Dodged            |    80 |    23 ||   103
